 Dungeon Crawl Stone Soup version 0.31-a0-948-gf5be29c462 (webtiles) character file.

Game seed: 14887709638121170308

537 BinkBink the Covered (level 7, -2/63 HPs)
             Began as an Armataur Fighter on Oct 21, 2023.
             Was an Initiate of Yredelemnul.
             Killed by divine providence
             ... invoked by an orc priest
              (16 damage)
             ... on level 5 of the Dungeon.
             The game lasted 00:05:22 (3211 turns).

BinkBink the Covered (Armataur Fighter)             Turns: 3211, Time: 00:05:23

Health: -2/63      AC:  8    Str: 21    XL:     7   Next: 5%
Magic:  7/7        EV:  7    Int:  9    God:    Yredelemnul [......]
Gold:   193        SH:  5    Dex: 11    Spells: 5/6 levels left

rFire   . . .        a - +0 flail
rCold   . . .        c - +0 buckler
rNeg    . . .        b - +0 scale mail
rPois   .            l - +0 helmet
rElec   .            (no cloak)
rCorr   .            (no gloves)
SInv    .            (no barding)
Will    .....        (no amulet) Stlth
                     (no ring)
HPRegen 0.30/turn    (no ring)
MPRegen 0.10/turn

%: roll
@: no status effects
A: large, rugged brown scales 3, deformed body, armoured tail, roll, long
tongue, awkward tongue
a: Renounce Religion, Recall Undead Harvest


You were on level 5 of the Dungeon.
You worshipped Yredelemnul.
Yredelemnul was noncommittal.
You visited 1 branch of the dungeon, and saw 5 of its levels.

You collected 193 gold pieces.

Inventory:

Hand Weapons
 a - a +0 flail (weapon)
Armour
 b - a +0 scale mail (worn)
 c - a +0 buckler (worn)
 l - a +0 helmet (worn)
Scrolls
 f - 2 scrolls of blinking {unknown}
 g - 2 scrolls of fog {unknown}
 h - 3 scrolls of teleportation {unknown}
 k - a scroll of brand weapon {unknown}
 m - 2 scrolls of enchant weapon {unknown}
 p - 6 scrolls of identify {unknown}
 t - a scroll of amnesia {unknown}
Potions
 d - 3 potions of might
 e - 3 potions of curing
 i - a potion of haste {unknown}
 j - a potion of brilliance {unknown}
 n - 3 potions of heal wounds {unknown}
 o - a potion of mutation {unknown}
 q - 3 potions of berserk rage {unknown}
 r - 2 potions of lignification {unknown}
 s - a potion of ambrosia {unknown}
 u - a potion of enlightenment {unknown}
 v - 2 potions of invisibility {unknown}


   Skills:
 + Level 4.2 Fighting
 + Level 3.6 Maces & Flails
 + Level 5.5 Armour
 + Level 5.0 Shields
 - Level 1.5 Necromancy


You had 5 spell levels left.
You knew the following spells:

 Your Spells              Type           Power      Damage    Failure   Level
a - Necrotise             Necr           8%         1d4       56%         1

Your spell library contained the following spells:

 Spells                   Type           Power      Damage    Failure   Level
 Apportation              Tloc           0%         N/A       77%         1
 Magic Dart               Conj           0%         1d3       77%         1
 Summon Small Mammal      Summ           0%         N/A       77%         1
 Call Imp                 Summ           0%         N/A       88%         2
 Call Canine Familiar     Summ           0%         N/A       98%         3
 Inner Flame              Hex/Fire       0%         N/A       98%         3
 Mephitic Cloud           Conj/Pois/Air  0%         N/A       98%         3
 Summon Guardian Golem    Hex/Summ       0%         N/A       98%         3
 Flame Wave               Conj/Fire      0%         2d4       100%        4
 Sticky Flame             Conj/Fire      0%         2d3       100%        4
 Borgnjor's Vile Clutch   Necr/Erth      0%         N/A       100%        5
 Animate Dead             Necr           Unusable   N/A       N/A         4
 Death Channel            Necr           Unusable   N/A       N/A         6

Dungeon Overview and Level Annotations

Branches:
Dungeon (5/15)
 Temple: D:4-7

Altars:
Hepliaklqana
Kikubaaqudgha
Qazlal
Wu Jian
Yredelemnul


Innate Abilities, Weirdness & Mutations

You are completely covered in rugged brown scales. (AC +3, +7% HP)
Armour fits poorly on your strangely shaped body.
You have a long armoured tail.
You roll when moving toward enemies. (Rampage)
Your long tongue fully drains potion bottles. (2x potion effects)
Your tongue gives you trouble enunciating. (1.5x scroll delay)


Message History

The gnoll hits you from afar with a +0 spear.
The iguana bites you. The gnoll closely misses you.
The orc priest calls down the wrath of Beogh upon you.
Beogh smites you! The gnoll hits you but does no damage.
You closely miss the iguana.
The iguana is moderately wounded.
The orc wizard gestures wildly while chanting.
The orc wizard flickers and vanishes!
Deactivating autopickup; reactivate with Ctrl-A.
The gnoll hits you but does no damage. You block the gnoll's attack.
The iguana bites you.
You swap places.
The iguana bites your orc zombie!
Your orc zombie is destroyed!
The gnoll attacks as it pursues you!
The gnoll hits you from afar with a +0 spear.
You roll towards the iguana!
You sock the iguana!
The iguana is severely wounded.
You block the iguana's attack.
You sock the iguana!
You kill the iguana!
The orc priest casts a cantrip, but nothing happens.
You have reached level 7!
You sock the gnoll!
The gnoll is almost dead.
The gnoll hits you with a +0 whip.
The gnoll hits you from afar with a +0 spear!
You barely miss the gnoll.
The gnoll is almost dead.
You block the gnoll's attack. The gnoll hits you but does no damage.
You hit the gnoll.
You kill the gnoll!
The gnoll hits you from afar with a +0 spear.
The gnoll attacks as it pursues you!
The gnoll hits you from afar with a +0 spear!
* * * LOW HITPOINT WARNING * * *
The gnoll attacks as it pursues you! You block the gnoll's attack.
The orc priest mumbles some strange prayers to Beogh against you.
Beogh smites you!
You die...
Your body rises from the dead as a mindless zombie.

###### #....# #######
#....# #.....#
#####....##### #.....#
.........o.o.#####..._.#
#####....###.g..##.....#
#....# ####.@).....# ##
#.o..# ####.....# .##
#.##.# ####.....#
..###.##.## #.....<..#
#)..#.##..# #.#......#
###)gg###.# #......###
#go## #.# ####...#
....o# #.#### ##..#####
..>..####....## ##.....#


You could see an orc priest, a gnoll and an orc.

Vanquished Creatures
  An ice beast (D:5)
  2 ogres
  A scorpion (D:4)
  A sleepcap (D:3)
  2 iguanas (D:5)
  A gnoll (D:5)
  5 adders
  2 ufetubi (D:5)
  3 worms
  5 dart slugs
  4 orcs
  6 ball pythons
  2 bats
  3 endoplasms
  2 giant cockroaches
  4 goblins
  5 hobgoblins
  6 jackals
  4 kobolds
  A quokka (D:2)
  4 frilled lizards
  3 rats
  A spectral orc (D:4)
68 creatures vanquished.

Vanquished Creatures (others)
  An adder zombie (D:5)
  A kobold zombie (D:4)
  An orc zombie (D:5)
  A spectral ufetubus (D:5)
4 creatures vanquished.

Grand Total: 72 creatures vanquished

Notes
Turn   | Place    | Note
-------+----------+-------------------------------------------
     0 | D:1      | BinkBink the Armataur Fighter began the quest for the Orb.
     0 | D:1      | Reached XP level 1. HP: 19/19 MP: 1/1
   515 | D:1      | Reached XP level 2. HP: 26/26 MP: 2/2
   790 | D:2      | Reached XP level 3. HP: 33/33 MP: 3/3
  1174 | D:2      | You fall into a shaft and drop 1 floor!
  1204 | D:3      | Reached XP level 4. HP: 20/40 MP: 4/4
  1771 | D:3      | Found a stormy altar of Qazlal.
  1808 | D:3      | Found a faded altar of an unknown god.
  1831 | D:3      | Prayed at the altar of an unknown god.
  1831 | D:3      | Became a worshipper of Yredelemnul the Dark
  1831 | D:3      | Reached * piety under Yredelemnul
  2064 | D:4      | Noticed an ogre
  2074 | D:4      | Killed an ogre
  2075 | D:4      | Reached XP level 5. HP: 33/49 MP: 5/5
  2267 | D:4      | Reached skill level 5 in Armour
  2341 | D:4      | Found an ornate altar of the Wu Jian Council.
  2344 | D:4      | Learned a level 1 spell: Necrotise
  2467 | D:4      | Reached XP level 6. HP: 55/55 MP: 6/6
  2542 | D:4      | Found a hazy altar of Hepliaklqana.
  2622 | D:5      | Entered Level 5 of the Dungeon
  2743 | D:5      | Reached skill level 1 in Necromancy
  2822 | D:5      | Found an ancient bone altar of Kikubaaqudgha.
  2906 | D:5      | Noticed an ice beast
  3103 | D:5      | Killed an ice beast
  3104 | D:5      | Reached skill level 5 in Shields
  3203 | D:5      | Reached XP level 7. HP: 29/63 MP: 7/7
  3211 | D:5      | Killed from afar by an orc priest

Illustrated notes

Levels and vault maps discovered:
D:1:      orjb1_lava_funnel, layout_basic
D:2:      layout_basic
D:3:      layout_rooms, nicolae_qazlal_eye_of_the_storm,
          nicolae_ecumenical_lake_church, supply_closet_lemuel
D:4:      layout_loops_ring, nicolae_hepliaklqana_monster_ancestors,
          nzn_wu_jian_council_hall, nicolae_twisty_statue_hallways
D:5:      layout_rooms, overflow_temple_1_default

Skill      XL: |  1  2  3  4  5  6 |
---------------+-------------------+-----
Maces & Flails | 2 3 |  3.6
Fighting       | 3 4 |  4.2
Armour         | 4 5 |  5.5
Shields        | 4 5 |  5.0
Necromancy     | 1 |  1.5

Action                     |  1- 3 |  4- 6 |  7- 9 || total
---------------------------+-------+-------+-------++-------
  Melee: Flail             |    79 |   152 |     3 ||   234
         Tailslap          |     8 |    13 |       ||    21
    Use: Potion            |       |     1 |       ||     1
 Armour: Scale mail        |    96 |   154 |     5 ||   255
  Dodge: Dodged            |    32 |    58 |       ||    90
  Block: Buckler           |    15 |    56 |     2 ||    73

Table legend: (Time is in decaauts)
 A = Elapsed time spent in this place.
 B = Non-inter-level travel time spent in this place.
 C = Inter-level travel time spent in this place.
 D = Time resting spent in this place.
 E = Time spent auto-exploring this place.
 F = Levels seen in this place.
 G = Mean time per level.
                   A        B        C        D        E       F      G
               +--------+--------+--------+--------+--------+-----+--------+
         Total |   3283 |   3166 |    117 |     86 |   2530 |   5 |  656.6 |
       Dungeon |   3283 |   3166 |    117 |     86 |   2530 |   5 |  656.6 |
               +--------+--------+--------+--------+--------+-----+--------+

Top non-repeatable levels by time:
     D:4: 890 daAuts
     D:3: 674 daAuts
     D:2: 633 daAuts
     D:1: 610 daAuts
     D:5: 474 daAuts
